 Dungeon Crawl Stone Soup version 0.30-a0-782-ge64f9170bb (webtiles) character file.

Game seed: 6876460741104487506

9580 BRD the Thaumaturge (level 11, -6/87 HPs)
             Began as a Gnoll Fire Elementalist on Feb 17, 2023.
             Was a Believer of Ashenzari.
             Mangled by a komodo dragon simulacrum (14 damage)
             ... in an ice cave on Feb 18, 2023.
             The game lasted 01:43:22 (14859 turns).

BRD the Thaumaturge (Gnoll Fire Elementalist)      Turns: 14859, Time: 01:43:22

Health: -6/87      AC: 18    Str:  8    XL:     11   Next: 48%
Magic:  25/25      EV: 15    Int: 19    God:    Ashenzari [**....]
Gold:   322        SH:  0    Dex: 12    Spells: 23/30 levels left

rFire   . . .      SeeInvis +    Q - +1 battleaxe (heavy)
rCold   . . .      Faith    .    (shield currently unavailable)
rNeg    + + .      Spirit   .    m - +2 leather armour {rPois}
rPois   +          Reflect  .    p - +2 helmet "Restrained Together" {Bglg, Range} (curse)
rElec   .          Harm     .    C - +2 cloak of the Mantic Blue Moon {Elem, Self} (curse)
rCorr   .          Rampage  .    (no gloves)
Will    .....                    S - +0 pair of boots
Stlth   ++++                     i - amulet of the Heavens {RegenMP rN+}
HPRegen 0.34/turn                x - ring of Ashenzari's Irritation {rN+, Evo, Cun} (curse)
MPRegen 0.59/turn                I - ring of Toth-Mos's Legacy {AC+4, Fort, Self} (curse)

@: no status effects
A: fangs 1, strong nose, distributed training
a: Renounce Religion, Curse Item, Shatter the Chains


You were in an ice cave.
You worshipped Ashenzari.
Ashenzari was pleased with you.
You visited 3 branches of the dungeon, and saw 11 of its levels.
You also visited: Ice Cave.

You collected 564 gold pieces.
You spent 242 gold pieces at shops.

Inventory:

Hand Weapons
 L - a +3 morningstar
 O - a +0 arbalest
 Q - a +1 heavy battleaxe (weapon)
Missiles
 l - 13 poisoned darts
 q - 3 silver boomerangs
Armour
 m - a +2 leather armour of poison resistance (worn)
 o - the +4 leather armour of Life {rF++}
   (You found it on level 2 of the Dungeon)

   rF:        It greatly protects you from fire.
 p - the cursed +2 helmet "Restrained Together" (worn) {Bglg, Range}
   (You bought it in a shop on level 7 of the Dungeon)

   It has a curse which improves the following skills: Beguiling: Conjurations,
   Hexes and Translocations.
   Ranged Combat: Ranged Weapons and Throwing.
 C - the cursed +2 cloak of the Mantic Blue Moon (worn) {Elem, Self}
   (You found it on level 6 of the Dungeon)

   It has a curse which improves the following skills: Elements: Fire Magic, Ice
   Magic, Air Magic and Earth Magic.
   Introspection: Fighting and Spellcasting.
 D - a +0 kite shield
 G - a +2 robe of willpower
 R - a scarf of repulsion
 S - a +0 pair of boots (worn)
Magical Staves
 d - a staff of conjuration
Jewellery
 e - a +6 ring of strength
 g - an amulet of regeneration
 i - the amulet of the Heavens (around neck) {RegenMP rN+}
   (You found it on level 7 of the Dungeon)

   [amulet of magic regeneration]

   It increases your rate of magic regeneration.
   rN:        It protects you from negative energy.
 x - the cursed ring of Ashenzari's Irritation (left hand) {rN+, Evo, Cun}
   (You found it on level 4 of the Dungeon)

   [ring of positive energy]

   rN:        It protects you from negative energy.
   It has a curse which improves the following skills: Evocations: Evocations.
   Cunning:   Dodging and Stealth.
 I - the cursed ring of Toth-Mos's Legacy (right hand) {AC+4, Fort, Self}
   (You found it on level 7 of the Dungeon)

   [ring of protection]

   AC:        It affects your AC (+4).
   It has a curse which improves the following skills: Fortitude: Armour and
   Shields.
   Introspection: Fighting and Spellcasting.
 T - a ring of willpower
Wands
 n - a wand of charming (1)
 s - a wand of acid (4)
 N - a wand of iceblast (3)
 P - a wand of flame (2)
Scrolls
 a - a scroll of fog
 h - a scroll of enchant weapon
 k - 7 scrolls of teleportation
 v - 4 scrolls of vulnerability
 w - 4 scrolls of fear
 y - a scroll of amnesia
 E - a scroll of blinking
 J - a scroll of enchant armour
 K - a scroll of magic mapping
Potions
 b - a potion of magic
 f - 4 potions of curing
 j - a potion of cancellation
 r - a potion of ambrosia
 z - a potion of flight
 H - a potion of haste
 M - a potion of invisibility
Miscellaneous
 F - a phial of floods (inert)


   Skills:
 + Level 6.6(8.5) Fighting
 + Level 6.6 Short Blades
 + Level 6.6 Long Blades
 + Level 6.6 Axes
 + Level 6.6 Maces & Flails
 + Level 6.6 Polearms
 + Level 6.6 Staves
 + Level 6.6(7.8) Ranged Weapons
 + Level 6.6(7.8) Throwing
 + Level 6.6(7.8) Armour
 + Level 8.1(9.4) Dodging
 + Level 7.9(9.2) Stealth
 + Level 6.6(7.8) Shields
 + Level 6.6 Unarmed Combat
 + Level 8.3(10.3) Spellcasting
 + Level 5.9(7.1) Conjurations
 + Level 5.4(6.7) Hexes
 + Level 5.4 Summonings
 + Level 5.4 Necromancy
 + Level 5.4(6.7) Translocations
 + Level 5.4 Transmutations
 + Level 7.8(9.1) Fire Magic
 + Level 5.4(6.7) Ice Magic
 + Level 5.4(6.7) Air Magic
 + Level 5.4(6.7) Earth Magic
 + Level 5.4 Poison Magic
 + Level 7.2 Invocations
 + Level 6.6(7.8) Evocations


You had 23 spell levels left.
You knew the following spells:

 Your Spells              Type           Power      Damage    Failure   Level
a - Foxfire               Conj/Fire      100%       2x1d9     1%          1
b - Scorch                Fire           88%        2d9       1%          2
c - Static Discharge      Conj/Air       72%        2-5/arc   1%          2
d - Passwall              Tmut/Erth      26%        N/A       1%          2

Your spell library contained the following spells:

 Spells                   Type           Power      Damage    Failure   Level
 Sandblast                Erth           70%        2d15      1%          1
 Sublimation of Blood     Necr           30%        N/A       1%          2
 Wereblood                Tmut           30%        N/A       1%          2
 Dazzling Flash           Conj/Hex       72%        N/A       1%          3
 Inner Flame              Hex/Fire       39%        N/A       1%          3
 Kindle Blastsparks       Fire/Tloc/Air  76%        2d16      1%          3
 Stone Arrow              Conj/Erth      72%        3d11      1%          3
 Vhi's Electric Charge    Tloc/Air       70%        N/A       1%          3
 Summon Guardian Golem    Hex/Summ       32%        N/A       2%          3
 Flame Wave               Conj/Fire      40%        2d11      3%          4
 Manifold Assault         Tloc           35%        N/A       6%          4
 Arcjolt                  Conj/Air       18%        1d28      16%         5
 Lightning Bolt           Conj/Air       18%        1d32      16%         5
 Silence                  Hex/Air        17%        N/A       17%         5
 Agony                    Necr           30%        N/A       28%         5
 Dispersal                Tloc           17%        N/A       67%         6
 Orb of Destruction       Conj           18%        9d8       99%         7
 Spellforged Servitor     Conj/Summ      16%        N/A       99%         7
 Summon Hydra             Summ           15%        N/A       100%        7
 Disjunction              Tloc           17%        N/A       100%        8


Dungeon Overview and Level Annotations

Branches:
Dungeon (9/15)             Temple (1/1) D:4            Lair (1/5) D:9
    Orc (0/2) D:9           IceCv (1/1)

Altars:
Ashenzari
Cheibriados
Dithmenos
Elyvilon
Fedhas
Gozag
Hepliaklqana
Kikubaaqudgha
Makhleb
Nemelex Xobeh
Okawaru
Qazlal
Ru
Sif Muna
Uskayaw
Vehumet
Wu Jian
Xom
Yredelemnul
Zin
The Shining One

Shops:
D:2 :*:   D:6 :   D:7 [

Annotations:
D:5 3 runed translucent doors, glosham's ghost, amateur AtBr
D:6 1 runed translucent door, Crazy Yiuf
D:7 2 runed translucent doors, Touch's ghost, novice DsCj


Innate Abilities, Weirdness & Mutations

You have very sharp teeth.
Your uncanny sense of smell can sniff out nearby items.
Your experience applies equally to all skills.


Message History

The rime drake bites you.
You closely miss the rime drake. The rime drake completely misses you.
The rime drake barely misses you.
The rime drake bites you but does no damage.
You slice the rime drake!!
The rime drake is severely wounded.
The rime drake misses you.
The rime drake bites you but does no damage.
You slice the rime drake!!
You kill the rime drake!
The acid dragon simulacrum barely misses you.
The acid dragon simulacrum closely misses you.
You slice the acid dragon simulacrum!!
The acid dragon simulacrum vaporises!
The komodo dragon simulacrum closely misses you.
You cut the komodo dragon simulacrum into ribbons!!!
The komodo dragon simulacrum vaporises!
You slice the lindwurm simulacrum!!
The lindwurm simulacrum is almost destroyed.
The lindwurm simulacrum bites you. The lindwurm simulacrum freezes you!
The lindwurm simulacrum misses you. x2; The lindwurm simulacrum bites you.
The lindwurm simulacrum freezes you!! The lindwurm simulacrum claws you.
The lindwurm simulacrum freezes you! The lindwurm simulacrum misses you.
You slice the lindwurm simulacrum!!
The lindwurm simulacrum vaporises!
The komodo dragon simulacrum barely misses you.
You feel much better.
The komodo dragon simulacrum closely misses you.
You hit the komodo dragon simulacrum but do no damage.
You feel a little less mighty now.
The komodo dragon simulacrum barely misses you.
You slash the komodo dragon simulacrum!
The komodo dragon simulacrum is heavily damaged.
The komodo dragon simulacrum bites you!
The komodo dragon simulacrum freezes you!!
* * * LOW HITPOINT WARNING * * *
The komodo dragon simulacrum bites you!
* * * LOW HITPOINT WARNING * * *
The komodo dragon simulacrum freezes you!
You die...

..### * ....### *
......### *
........## *
.........## ,
..........### *
........#...###### ,
........###..##..###
, , ......###
##....@ZZ# ...#.##
##.####Z...#* ..####
### .$$# ..# * ∆.!$#
.## ∆∆}$. ## * ##
.## * ..## ...#


You could see a komodo dragon simulacrum and 2 steam dragon simulacra.

Vanquished Creatures
  A two-headed ogre (D:8)
  2 ice statues (IceCv)
  2 rime drakes (IceCv)
  A troll (D:9)
  Grinder (D:5)
  2 hornets
  10 yaks
  2 wyverns
  A basilisk (Lair:1)
  2 vampire mosquitoes (D:9)
  A steam dragon (D:4)
  An acid dragon (D:9)
  A water moccasin (D:8)
  3 sky beasts
  8 orc warriors
  2 black bears
  3 centaurs
  3 ogres
  3 wolves
  Blork the orc (D:6)
  2 bullfrogs
  A gnoll sergeant (D:7)
  A necrophage (D:6)
  A scorpion (D:5)
  10 wights
  A lindwurm simulacrum (IceCv)
  A killer bee (D:8)
  3 electric eels (D:9)
  4 howler monkeys
  A lava snake (D:8)
  2 komodo dragon simulacra (IceCv)
  3 gnoll boudas
  7 orc priests
  5 hounds (D:9)
  2 jellies
  5 iguanas
  12 orc wizards
  11 gnolls
  9 adders
  3 acid dragon simulacra (IceCv)
  14 white imps
  An ufetubus (D:4)
  3 steam dragon simulacra (IceCv)
  2 worms
  3 dart slugs
  49 orcs
  9 endoplasms
  6 giant cockroaches
  7 goblins
  2 hobgoblins
  2 jackals (D:2)
  2 quokkas
  3 ball pythons
  4 bats
  3 frilled lizards
  6 kobolds
  5 rats
255 creatures vanquished.

Vanquished Creatures (others)
  831 foxfires
  2 plants (Lair:1)
833 creatures vanquished.

Grand Total: 1088 creatures vanquished

Notes
Turn   | Place    | Note
-------+----------+-------------------------------------------
     0 | D:1      | BRD the Gnoll Fire Elementalist began the quest for the
                  | Orb.
     0 | D:1      | Reached XP level 1. HP: 13/13 MP: 6/6
   361 | D:1      | Reached XP level 2. HP: 20/20 MP: 2/7
  1048 | D:2      | Found Koizaig's Book Shoppe.
  1088 | D:2      | Reached skill level 5 in Spellcasting
  1088 | D:2      | Reached XP level 3. HP: 25/25 MP: 3/9
  1151 | D:2      | Reached skill level 1 in Invocations
  1293 | D:2      | Found a white marble altar of Elyvilon.
  1322 | D:2      | Identified the +7 short sword of Gluttony {holy, Dex+3}
  1475 | D:2      | Identified the +4 leather armour of Life {rF++}
  1514 | D:2      | Found Culefot's General Store.
  1521 | D:2      | Reached skill level 1 in Fighting
  1521 | D:2      | Reached skill level 1 in Short Blades
  1521 | D:2      | Reached skill level 1 in Long Blades
  1521 | D:2      | Reached skill level 1 in Axes
  1521 | D:2      | Reached skill level 1 in Maces & Flails
  1521 | D:2      | Reached skill level 1 in Polearms
  1521 | D:2      | Reached skill level 1 in Staves
  1521 | D:2      | Reached skill level 1 in Ranged Weapons
  1521 | D:2      | Reached skill level 1 in Throwing
  1521 | D:2      | Reached skill level 1 in Armour
  1521 | D:2      | Reached skill level 1 in Shields
  1521 | D:2      | Reached skill level 1 in Unarmed Combat
  1521 | D:2      | Reached skill level 1 in Evocations
  1594 | D:2      | Found Wegh's Book Shop.
  1596 | D:2      | Bought a scroll of identify for 28 gold pieces
  1619 | D:2      | Learned a level 2 spell: Scorch
  2280 | D:3      | Found a faded altar of an unknown god.
  2395 | D:3      | Reached XP level 4. HP: 32/32 MP: 6/11
  2633 | D:3      | Found a white marble altar of Elyvilon.
  2874 | D:3      | Reached skill level 1 in Hexes
  2874 | D:3      | Reached skill level 1 in Summonings
  2874 | D:3      | Reached skill level 1 in Necromancy
  2874 | D:3      | Reached skill level 1 in Translocations
  2874 | D:3      | Reached skill level 1 in Transmutations
  2874 | D:3      | Reached skill level 1 in Ice Magic
  2874 | D:3      | Reached skill level 1 in Air Magic
  2874 | D:3      | Reached skill level 1 in Earth Magic
  2874 | D:3      | Reached skill level 1 in Poison Magic
  3430 | D:3      | Reached XP level 5. HP: 37/37 MP: 7/12
  3537 | D:4      | Noticed a steam dragon
  4046 | D:4      | You fall into a shaft and drop 1 floor!
  4046 | D:5      | Entered Level 5 of the Dungeon
  4152 | D:5      | Reached XP level 6. HP: 44/44 MP: 9/13
  4380 | D:4      | Noticed a black bear
  4426 | D:4      | Reached skill level 5 in Dodging
  4433 | D:4      | Killed a steam dragon
  4599 | D:4      | Reached XP level 7. HP: 50/50 MP: 12/15
  4642 | D:4      | Found a staircase to the Ecumenical Temple.
  4647 | Temple   | Entered the Ecumenical Temple
  4647 | Temple   | Found a transporter.
  4647 | Temple   | Found a transporter.
  4649 | Temple   | Found a transporter.
  4649 | Temple   | Found a transporter.
  4980 | D:5      | Found a runed translucent gate.
  4981 | D:5      | Found a runed translucent gate.
  4981 | D:5      | Found an opulent altar of Gozag.
  4982 | D:5      | Found a runed translucent gate.
  4988 | D:5      | Noticed glosham's ghost (amateur AtBr)
  5045 | D:5      | Reached skill level 5 in Stealth
  5476 | D:5      | Noticed Grinder
  5476 | D:5      | Paralysed by Grinder for 3 turns
  5481 | D:5      | Killed Grinder
  5482 | D:5      | Reached XP level 8. HP: 58/58 MP: 13/16
  6193 | D:5      | Learned a level 2 spell: Passwall
  6895 | D:6      | Noticed Blork the orc
  6904 | D:6      | Killed Blork the orc
  7068 | D:6      | Found Ynwit's Book Emporium.
  7128 | D:6      | Found a broken altar of Ashenzari.
  7151 | D:6      | Became a worshipper of Ashenzari the Shackled
  7274 | D:6      | Found a runed translucent door.
  7277 | D:6      | Noticed Crazy Yiuf
  8118 | D:7      | Reached XP level 9. HP: 65/65 MP: 12/18
  8221 | D:7      | Learned a level 2 spell: Static Discharge
  8893 | D:7      | Identified the amulet of the Heavens {RegenMP rN+}
  9033 | D:7      | Found Baxkem's Armour Emporium.
  9640 | D:7      | Found a large runed translucent door.
  9640 | D:7      | Found a large runed translucent door.
  9644 | D:7      | Noticed Touch's ghost (novice DsCj)
  9836 | D:7      | Bought a +2 helmet for 214 gold pieces
  9852 | D:7      | Reached * piety under Ashenzari
  9922 | D:8      | Reached skill level 5 in Invocations
 10324 | D:8      | Noticed a two-headed ogre
 10921 | D:8      | Noticed a hornet
 10975 | D:8      | Killed a two-headed ogre
 10976 | D:8      | Reached skill level 5 in Fighting
 10976 | D:8      | Reached skill level 5 in Short Blades
 10976 | D:8      | Reached skill level 5 in Long Blades
 10976 | D:8      | Reached skill level 5 in Axes
 10976 | D:8      | Reached skill level 5 in Maces & Flails
 10976 | D:8      | Reached skill level 5 in Polearms
 10976 | D:8      | Reached skill level 5 in Staves
 10976 | D:8      | Reached skill level 5 in Ranged Weapons
 10976 | D:8      | Reached skill level 5 in Throwing
 10976 | D:8      | Reached skill level 5 in Armour
 10976 | D:8      | Reached skill level 5 in Shields
 10976 | D:8      | Reached skill level 5 in Unarmed Combat
 10976 | D:8      | Reached skill level 5 in Evocations
 10976 | D:8      | Reached XP level 10. HP: 76/76 MP: 19/22
 10992 | D:8      | Reached ** piety under Ashenzari
 11298 | D:8      | Found a basalt altar of Yredelemnul.
 11298 | D:8      | Found a shadowy altar of Dithmenos.
 11569 | D:8      | Reached skill level 5 in Conjurations
 13285 | D:9      | Upgraded the game from 0.30-a0-779-g7971cf19c3 to
                  | 0.30-a0-782-ge64f9170bb
 13310 | D:9      | Reached skill level 5 in Hexes
 13310 | D:9      | Reached skill level 5 in Summonings
 13310 | D:9      | Reached skill level 5 in Necromancy
 13310 | D:9      | Reached skill level 5 in Translocations
 13310 | D:9      | Reached skill level 5 in Transmutations
 13310 | D:9      | Reached skill level 5 in Ice Magic
 13310 | D:9      | Reached skill level 5 in Air Magic
 13310 | D:9      | Reached skill level 5 in Earth Magic
 13310 | D:9      | Reached skill level 5 in Poison Magic
 13311 | D:9      | Reached XP level 11. HP: 86/86 MP: 21/24
 13460 | D:9      | Paralysed by a hornet for 3 turns
 13592 | D:9      | Found a staircase to the Orcish Mines.
 13741 | D:9      | Found a staircase to the Lair.
 14163 | Lair:1   | Entered Level 1 of the Lair of Beasts
 14240 | Lair:1   | Found a frozen archway.
 14268 | IceCv    | Entered an ice cave
 14859 | IceCv    | Mangled by a komodo dragon simulacrum

Illustrated notes

Levels and vault maps discovered:
D:1:      elethiomel_arrival_quiet, layout_loops_ring
D:2:      layout_basic, basic_altar, serial_shops, nicolae_shop_hallway_stairs,
          shop, nicolae_shop_advertising_works [nicolae_subvault_shop_adworks]
D:3:      layout_basic, lemuel_crystal_altar,
          hellmonk_ecumenical_altar_arch_garden
D:4:      layout_basic, minmay_temple_entry_grid
D:5:      layout_gridville, ebering_ghost_gozag, uniq_grinder
D:6:      layout_loops_ring, amcnicky_altar_gilded, serial_shops,
          nicolae_shop_behind_doors, uniq_crazy_yiuf_cottage, uniq_blork_the_orc
D:7:      layout_basic, ebering_ghost_disaster_area, serial_shops, shop,
          nicolae_concentric_dashed_squares_wild, minmay_starry_boxes
D:8:      layout_loops_ring, nicolae_overflow_two_pavilions,
          chequers_serial_rivers_micro_d
D:9:      layout_basic, erik_lair_island, david_orc_5, hangedman_decor_push,
          minmay_bent
Temple:   hellmonk_temple_divided_pantheon
Lair:1:   layout_regular_city, portal_ice_cave_entry_imps,
          grunt_forest_small_clearing_treed, grunt_megastairs_2
IceCv:    ice_cave_small_dragons

Skill      XL: |  1  2  3  4  5  6  7  8  9 10 11 |
---------------+----------------------------------+-----
Conjurations   | 2 3 4 5 |  5.9
Spellcasting   | 5 6 7 8 |  8.3
Invocations    | 1 2 3 4 5 6 7 |  7.2
Fighting       | 1 2 3 5 6 |  6.6
Short Blades   | 1 2 3 5 6 |  6.6
Long Blades    | 1 2 3 5 6 |  6.6
Axes           | 1 2 3 5 6 |  6.6
Maces & Flails | 1 2 3 5 6 |  6.6
Polearms       | 1 2 3 5 6 |  6.6
Staves         | 1 2 3 5 6 |  6.6
Ranged Weapons | 1 2 3 5 6 |  6.6
Throwing       | 1 2 3 5 6 |  6.6
Armour         | 1 2 3 5 6 |  6.6
Shields        | 1 2 3 5 6 |  6.6
Unarmed Combat | 1 2 3 5 6 |  6.6
Evocations     | 1 2 3 5 6 |  6.6
Hexes          | 1 2 3 4 5 |  5.4
Summonings     | 1 2 3 4 5 |  5.4
Necromancy     | 1 2 3 4 5 |  5.4
Translocations | 1 2 3 4 5 |  5.4
Transmutations | 1 2 3 4 5 |  5.4
Ice Magic      | 1 2 3 4 5 |  5.4
Air Magic      | 1 2 3 4 5 |  5.4
Earth Magic    | 1 2 3 4 5 |  5.4
Poison Magic   | 1 2 3 4 5 |  5.4
Dodging        | 5 6 7 8 |  8.1
Stealth        | 5 6 7 |  7.9
Fire Magic     | 6 7 |  7.8

Action                     |  1- 3 |  4- 6 |  7- 9 | 10-12 || total
---------------------------+-------+-------+-------+-------++-------
  Melee: Short sword       |     1 |     6 |     1 |    10 ||    18
         Bite              |       |     1 |       |     4 ||     5
         Punch             |       |       |       |     1 ||     1
         Battleaxe         |       |       |       |    28 ||    28
         Staff             |       |       |       |     1 ||     1
   Fire: Arbalest          |       |       |       |    10 ||    10
  Throw: Dart              |       |       |     2 |       ||     2
         Throwing net      |       |       |     1 |       ||     1
   Cast: Foxfire           |    73 |    87 |   190 |   188 ||   538
         Scorch            |       |    17 |    45 |   140 ||   202
         Static Discharge  |       |       |     1 |       ||     1
 Invoke: Curse Item        |       |       |     2 |     2 ||     4
  Evoke: Wand              |       |       |     6 |     1 ||     7
         Phial of floods   |       |       |       |     1 ||     1
    Use: Scroll            |     4 |     2 |     8 |     2 ||    16
         Potion            |       |       |       |     7 ||     7
 Armour: Leather armour    |       |     9 |    13 |    98 ||   120
  Dodge: Dodged            |     9 |    19 |    21 |   145 ||   194

Table legend: (Time is in decaauts)
 A = Elapsed time spent in this place.
 B = Non-inter-level travel time spent in this place.
 C = Inter-level travel time spent in this place.
 D = Time resting spent in this place.
 E = Time spent auto-exploring this place.
 F = Levels seen in this place.
 G = Mean time per level.
                   A        B        C        D        E       F      G
               +--------+--------+--------+--------+--------+-----+--------+
         Total |  14918 |  14071 |    847 |   5021 |   3829 |  12 | 1243.2 |
       Dungeon |  14147 |  13309 |    838 |   4587 |   3823 |   9 | 1571.9 |
        Temple |     35 |     26 |      9 |      0 |      6 |   1 |   35.0 |
          Lair |    104 |    104 |      0 |     16 |      0 |   1 |  104.0 |
      Ice Cave |    631 |    631 |      0 |    418 |      0 |   1 |  631.0 |
               +--------+--------+--------+--------+--------+-----+--------+

Top non-repeatable levels by time:
     D:8: 2881 daAuts
     D:6: 1885 daAuts
     D:7: 1716 daAuts
     D:5: 1539 daAuts
     D:3: 1405 daAuts
     D:9: 1388 daAuts
     D:2: 1207 daAuts
     D:4: 1076 daAuts
     D:1: 1047 daAuts
   IceCv: 631 daAuts
  Lair:1: 104 daAuts
  Temple: 35 daAuts
